[Event "Team 45 45 League T39"]
[Site "Internet Chess Club"]
[Date "2008.11.09"]
[Round "3"]
[White "Shazaam"]
[Black "ticopatzer"]
[Result "1-0"]
[WhiteElo "1610"]
[BlackElo "1461"]
[Opening "Queen's pawn game"]
[ECO "D00"]
[Time "20:01:23"]
[TimeControl "2700+45"]

1. d4 d5 2. e3 e6 3. Nd2 c5 4. c3 Nc6 5. Bd3 Nf6 6. f4 Be7 7. Ngf3 O-O 8. O-O
Qc7 9. Ne5 a6 10. g4 b5 11. g5 Nd7 12. Bxh7+ Kxh7 13. Qh5+ Kg8 14. Nxf7 Rxf7 15.
g6 Nf6 16. Qh4 Bd6 17. Rf3 Kf8 18. Qh8+ Ng8 19. gxf7 Qxf7 20. Rg3 b4 21. Nf3 Bb7
22. Ng5 Qf5 23. Nh7+ Ke7 24. Rxg7+ Qf7 25. Rxf7+ Kxf7 26. Ng5+ Ke7 27. Qg7+
{Black resigns} 1-0

[Event "Team 45 45 League T39"]
[Site "Internet Chess Club"]
[Date "2008.11.07"]
[Round "3"]
[White "albacore"]
[Black "xlxe5"]
[Result "1-0"]
[WhiteElo "1325"]
[BlackElo "1257"]
[Opening "Queen's pawn game"]
[ECO "D02"]
[Time "19:30:55"]
[TimeControl "2700+45"]

1. d4 d5 2. Nf3 e6 3. Bf4 c5 4. e3 Nc6 5. Nbd2 Qb6 6. Ne5 Nxe5 7. Bxe5 Qxb2 8.
Be2 Qb6 9. Bh5 Ne7 10. O-O Nc6 11. Bg3 cxd4 12. exd4 Nxd4 13. Re1 Nf5 14. Rb1
Qc6 15. Bf4 Be7 16. Be2 O-O 17. Nf3 Qa4 18. Be5 Qc6 19. Bd3 g6 20. Qd2 Bd6 21.
Bf6 Be7 22. Be5 Bd6 23. Bb2 Bd7 24. Bxf5 exf5 25. Qh6 f6 26. Ng5 Bxh2+ 27. Kxh2
Qc7+ 28. Be5 Qxe5+ 29. Rxe5 Rf7 30. Nxf7 Kxf7 31. Qxh7+ Kf8 32. Re7 Bc6 33. Qf7#
{Black checkmated} 1-0

[Event "Team 45 45 League T39"]
[Site "Internet Chess Club"]
[Date "2008.11.10"]
[Round "3"]
[White "cobra2008"]
[Black "JustinZ"]
[Result "1-0"]
[WhiteElo "1351"]
[BlackElo "1228"]
[Opening "Scandinavian (center counter) defense"]
[ECO "B01"]
[Time "21:00:52"]
[TimeControl "2700+45"]

1. e4 d5 2. exd5 Qxd5 3. Nf3 Bg4 4. Be2 e5 5. Nc3 Qa5 6. h3 Bh5 7. d3 Bb4 8. Bd2
Nf6 9. a3 Bxc3 10. Bxc3 Qc5 11. Bxe5 Bxf3 12. Bxf6 gxf6 13. Bxf3 Nc6 14. Qe2+
Qe7 15. Qxe7+ Kxe7 16. O-O-O Rhe8 17. Rhe1+ Kf8 18. Be4 Re7 19. Bxh7 Ne5 20. Be4
Rae8 21. Rf1 b6 22. f4 Nd7 23. Bc6 Rd8 24. Bxd7 Rdxd7 25. Rh1 Re2 26. g4 Rg2 27.
Rhg1 Rh2 28. Rh1 Rg2 29. f5 Re7 30. Rd2 Ree2 31. Rxe2 Rxe2 32. h4 Rg2 33. h5
Rxg4 34. h6 Kg8 35. h7+ Kh8 36. Rh6 Rg7 37. Rxf6 Rxh7 38. Rc6 Rh5 39. Rxc7 Rxf5
40. Rxa7 Kh7 41. Kd2 Kg6 42. Ra6 f6 43. Rxb6 Kg5 44. a4 Re5 45. Rb5 Rf5 46.
Rxf5+ Kxf5 47. a5 Kg4 48. a6 f5 49. a7 f4 50. a8=Q Kg3 51. Qg8+ Kf3 52. Qd5+ Kg3
53. b4 f3 54. Qxf3+ Kxf3 55. Kc3 Ke2 56. b5 Kd1 57. b6 Ke2 58. d4 Ke3 59. Kc4
Kd2 60. c3 Ke3 61. b7 Ke4 62. Kc5 Kd3 63. c4 Ke4 64. d5 Ke5 65. Kc6 Kd4 66. c5
Ke5 67. d6 Ke6 68. d7 Ke5 69. b8=Q+ Ke6 70. Qe8+ Kf5 71. d8=Q Kf4 72. Kb6 Kf3
73. c6 Kg2 74. c7 Kh1 75. c8=Q Kh2 76. Qh5+ Kg3 77. Qd3+ Kg2 78. Qcg4+ Kf2 79.
Qh2+ Ke1 80. Qge2# {Black checkmated} 1-0

[Event "Team 45 45 League T39"]
[Site "Internet Chess Club"]
[Date "2008.11.08"]
[Round "3"]
[White "john-beebs"]
[Black "GadsHill"]
[Result "1-0"]
[WhiteElo "1472"]
[BlackElo "1515"]
[Opening "Pirc defense"]
[ECO "B07"]
[Time "15:00:25"]
[TimeControl "2700+45"]

1. e4 d6 2. d4 Nf6 3. Nc3 Nbd7 4. Bb5 c6 5. Bc4 e5 6. d5 cxd5 7. Bxd5 Rb8 8. Bb3
Be7 9. Nge2 O-O 10. Ng3 b6 11. O-O Bb7 12. Re1 Nc5 13. Qf3 Qc7 14. Nf5 Nxb3 15.
axb3 a6 16. Bg5 Rfe8 17. Rad1 Rbd8 18. h4 Rd7 19. h5 d5 20. Nxe7+ Rexe7 21. Bxf6
dxe4 22. Qg3 {Black resigns} 1-0

[Event "Team 45 45 League T39"]
[Site "Internet Chess Club"]
[Date "2008.11.07"]
[Round "3"]
[White "sdcohle"]
[Black "Mutaant"]
[Result "0-1"]
[WhiteElo "1322"]
[BlackElo "1492"]
[Opening "Queen's gambit accepted"]
[ECO "D20"]
[Time "22:00:07"]
[TimeControl "2700+45"]

1. d4 d5 2. c4 dxc4 3. e3 b5 4. b3 cxb3 5. Qxb3 a6 6. Nf3 e6 7. Bd3 Bb7 8. Nbd2
Nf6 9. O-O c5 10. dxc5 Bxc5 11. a4 b4 12. Bb2 O-O 13. Rac1 Nbd7 14. Rfd1 Qb6 15.
Nc4 Qa7 16. a5 Rad8 17. Be2 Bd5 18. Bd4 Bxd4 19. Nxd4 Rb8 20. Qa4 Rfc8 21. Nd6
Rxc1 22. Rxc1 Nc5 23. Qc2 Nfd7 24. Bc4 Qa8 25. f3 Rd8 26. Nb3 Nxb3 27. Qxb3 Bxc4
28. Qxc4 Ne5 29. Qxb4 Nd3 30. Qa3 Nxc1 31. Ne4 Rd1+ 32. Kf2 Qd5 33. Nc3 Qd2+ 34.
Kg3 Rg1 35. Qc5 Qxg2+ 36. Kf4 Nd3+ 37. Ke4 Nxc5+ 38. Kd4 Qd2+ 39. Kc4 Rc1 40.
Kxc5 Rxc3+ 41. Kb6 Qd6+ 42. Kb7 Rc7+ 43. Kb8 Qd8# {White checkmated} 0-1

[Event "Team 45 45 League T39"]
[Site "Internet Chess Club"]
[Date "2008.11.07"]
[Round "3"]
[White "wrimle"]
[Black "IanT"]
[Result "1-0"]
[WhiteElo "1276"]
[BlackElo "1314"]
[Opening "Vienna gambit"]
[ECO "C29"]
[Time "07:00:08"]
[TimeControl "2700+45"]

1. e4 e5 2. Nc3 Nf6 3. f4 d6 4. f5 Nc6 5. Bc4 Be7 6. d3 O-O 7. Nge2 Bd7 8. O-O
Nd4 9. Be3 c5 10. Nd5 Re8 11. Ng3 b5 12. c3 bxc4 13. cxd4 cxd4 14. Bg5 Nxd5 15.
Bxe7 Qxe7 16. exd5 f6 17. dxc4 Rac8 18. b3 Qf7 19. Qg4 g6 20. Ne4 Qe7 21. Rf3 g5
22. Rh3 Qg7 23. Nxd6 Rb8 24. Nxe8 Rxe8 25. b4 e4 26. b5 d3 27. Re3 Qe7 28. a4
Qc5 29. Kf2 Qxc4 30. d6 Qc2+ 31. Kg3 d2 32. Rd1 Bxf5 33. Qe2 Qxa4 34. Rxd2 Qa1
35. d7 Qe5+ 36. Kf2 Rd8 37. Qc4+ Kg7 38. g3 h5 39. Qc6 Bg4 40. Qxe4 Qxe4 41.
Rxe4 Bxd7 42. Re7+ {Black resigns} 1-0

[Event "Team 45 45 League T39"]
[Site "Internet Chess Club"]
[Date "2008.11.10"]
[Round "3"]
[White "bjc"]
[Black "DrOMM"]
[Result "1-0"]
[WhiteElo "1309"]
[BlackElo "1238"]
[Opening "Caro-Kann: advance variation"]
[ECO "B12"]
[Time "16:00:19"]
[TimeControl "2700+45"]

1. e4 c6 2. d4 d5 3. e5 Bf5 4. Nf3 e6 5. Nbd2 c5 6. c3 Nc6 7. Bb5 a6 8. Ba4 b5
9. Bc2 Bxc2 10. Qxc2 Qb6 11. O-O Nh6 12. h3 Nf5 13. g4 Nfe7 14. Re1 Ng6 15. Nf1
Be7 16. Be3 O-O 17. g5 cxd4 18. cxd4 Nxd4 19. Bxd4 Bc5 20. Bxc5 Qc6 21. b4 a5
22. Nd4 Qc8 23. Ne3 Nxe5 24. Bxf8 Qxc2 25. Nexc2 Kxf8 26. Kf1 Rc8 27. Rxe5 f6
28. Rxe6 fxg5 29. Rae1 axb4 30. Nxb4 Rc4 31. Re8+ Kf7 32. R1e7+ Kf6 33. Nxd5+
Kg6 34. Re6+ Kh5 35. Nf3 g4 36. Re5+ Kg6 37. Nh4+ Kf7 38. R5e7# {Black
checkmated} 1-0

[Event "Team 45 45 League T39"]
[Site "Internet Chess Club"]
[Date "2008.11.08"]
[Round "3"]
[White "kabindra"]
[Black "Bega"]
[Result "0-1"]
[WhiteElo "1789"]
[BlackElo "1802"]
[Opening "Giuoco Piano"]
[ECO "C50"]
[Time "14:00:10"]
[TimeControl "2700+45"]

1. e4 e5 2. Nf3 Nc6 3. Bc4 Bc5 4. d4 exd4 5. O-O h6 6. c3 d6 7. cxd4 Bb6 8. b4
Nge7 9. Bb2 O-O 10. a3 d5 11. exd5 Nxd5 12. Qb3 Nce7 13. Nc3 Be6 14. Na4 c6 15.
Nc5 Bc8 16. a4 Bc7 17. Ne4 Nf4 18. Ne5 Be6 19. Bxe6 Nxe6 20. Rad1 Nd5 21. b5 Qe8
22. Ba3 Nxd4 23. Rxd4 Qxe5 24. Rfd1 Qxh2+ 25. Kf1 Nf4 26. Bxf8 Qh1# {White
checkmated} 0-1

[Event "Team 45 45 League T39"]
[Site "Internet Chess Club"]
[Date "2008.11.09"]
[Round "3"]
[White "Mater"]
[Black "Russellovich"]
[Result "1-0"]
[WhiteElo "1705"]
[BlackElo "1730"]
[Opening "Budapest: Rubinstein variation"]
[ECO "A52"]
[Time "22:01:01"]
[TimeControl "2700+45"]

1. d4 Nf6 2. c4 e5 3. dxe5 Ng4 4. Bf4 Nc6 5. Nf3 Bb4+ 6. Nbd2 Qe7 7. e3 Ngxe5 8.
Be2 O-O 9. O-O d6 10. Bg5 f6 11. Bh4 Be6 12. Nd4 Bxd2 13. Nxc6 bxc6 14. Qxd2
Nxc4 15. Qc2 Ne5 16. h3 Rfb8 17. b3 a5 18. f4 Ng6 19. Be1 Bd5 20. Bd2 Nh4 21. g3
Ng2 22. Qc3 Re8 23. Bf3 Nxe3 24. Rae1 {Black resigns} 1-0

[Event "Team 45 45 League T39"]
[Site "Internet Chess Club"]
[Date "2008.11.09"]
[Round "3"]
[White "Solfege"]
[Black "giltar"]
[Result "1-0"]
[WhiteElo "1933"]
[BlackElo "1811"]
[Opening "Caro-Kann: Hillbilly attack"]
[ECO "B10"]
[Time "10:00:17"]
[TimeControl "2700+45"]

1. e4 c6 2. Bc4 d5 3. exd5 cxd5 4. Bb3 Nf6 5. d4 Nc6 6. Nc3 Bg4 7. f3 Bf5 8.
Nge2 e6 9. O-O Be7 10. Ng3 Bg6 11. Be3 O-O 12. Qd2 Na5 13. Rfe1 Rc8 14. Bg5 Nxb3
15. axb3 a6 16. Bf4 Bb4 17. Re2 Ne8 18. Qe3 Nd6 19. Ra4 Qb6 20. Na2 a5 21. c3
Nb5 22. cxb4 Nxd4 23. Rf2 axb4 24. Rxb4 Qa6 25. Qxd4 Qxa2 26. Rxb7 Bc2 27. Nh5
f6 28. Rxg7+ Kh8 29. Ra7 Qxb3 30. Bh6 e5 31. Qg4 Bg6 32. Bg7+ Kg8 33. Nxf6+ Rxf6
34. Qxc8+ {Black resigns} 1-0

[Event "Team 45 45 League T39"]
[Site "Internet Chess Club"]
[Date "2008.11.09"]
[Round "3"]
[White "mfeatherston"]
[Black "Rainbird"]
[Result "1-0"]
[WhiteElo "1819"]
[BlackElo "1822"]
[Opening "French: Winawer, advance, Bogolyubov variation"]
[ECO "C17"]
[Time "17:00:40"]
[TimeControl "2700+45"]

1. e4 e6 2. d4 d5 3. Nc3 Bb4 4. e5 c5 5. Bd2 Ne7 6. Nb5 Bxd2+ 7. Qxd2 O-O 8. f4
Nbc6 9. Nf3 cxd4 10. Bd3 f6 11. O-O Qb6 12. a4 Bd7 13. exf6 Rxf6 14. Kh1 Nf5 15.
Bxf5 Rxf5 16. Nbxd4 Rf6 17. Nxc6 bxc6 18. Ne5 Qc7 19. c4 Raf8 20. Rf2 Bc8 21. c5
Ba6 22. Re1 Bc8 23. b4 Bd7 24. Kg1 Be8 25. Ref1 Bg6 26. Qd4 Be4 27. b5 cxb5 28.
axb5 g5 29. Ng4 Rg6 30. fxg5 Rxf2 31. Rxf2 Qg7 32. Nf6+ Kh8 33. h4 h6 34. Qe5
Rxf6 35. Rxf6 hxg5 36. hxg5 Bf5 37. Qb8+ Kh7 38. Rh6+ {Black resigns} 1-0

[Event "Team 45 45 League T39"]
[Site "Internet Chess Club"]
[Date "2008.11.09"]
[Round "3"]
[White "RealChosenOne"]
[Black "Fuzzie"]
[Result "1-0"]
[WhiteElo "1794"]
[BlackElo "1828"]
[Opening "Pirc: Austrian attack, dragon formation"]
[ECO "B09"]
[Time "09:00:30"]
[TimeControl "2700+45"]

1. e4 d6 2. d4 Nf6 3. Nc3 g6 4. f4 Bg7 5. Nf3 c5 6. Bb5+ Bd7 7. e5 Bxb5 8. exf6
Bxf6 9. Nxb5 Qa5+ 10. Nc3 cxd4 11. Nxd4 Qb4 12. Ne2 Nd7 13. a3 Qa5 14. b4 Qd8
15. Rb1 O-O 16. O-O Rc8 17. Nd5 Bg7 18. Bb2 Bxb2 19. Rxb2 e6 20. Ne3 Nb6 21. c3
d5 22. a4 Nxa4 23. Qxa4 {Black resigns} 1-0

[Event "Team 45 45 League T39"]
[Site "Internet Chess Club"]
[Date "2008.11.09"]
[Round "3"]
[White "GoIrish"]
[Black "Konstantinos"]
[Result "1-0"]
[WhiteElo "1616"]
[BlackElo "1660"]
[Opening "Réti opening"]
[ECO "A04"]
[Time "06:30:43"]
[TimeControl "2700+45"]

1. Nf3 d6 2. g3 e5 3. d3 Nc6 4. Bg2 Nf6 5. O-O Be7 6. e4 h6 7. Nc3 Be6 8. a3 Qd7
9. Be3 Bh3 10. Nh4 Bxg2 11. Kxg2 Ng4 12. Nf5 Nxe3+ 13. fxe3 O-O-O 14. b4 g6 15.
Nxe7+ Qxe7 16. Nd5 Qe6 17. Rf6 Qd7 18. Qf3 Rdf8 19. Rf1 Nd8 20. Qd1 h5 21. h3 g5
22. c4 g4 23. h4 Rfg8 24. R6f2 Rg6 25. b5 Rf8 26. Qa4 Kb8 27. Nf6 Qe7 28. b6
axb6 29. Nd7+ Kc8 30. Nxf8 Qxf8 31. Rxf7 Qxf7 32. Rxf7 Nxf7 33. Qe8+ {Black
resigns} 1-0

[Event "Team 45 45 League T39"]
[Site "Internet Chess Club"]
[Date "2008.11.08"]
[Round "3"]
[White "jorobo"]
[Black "ChronoKnight"]
[Result "1-0"]
[WhiteElo "2158"]
[BlackElo "2017"]
[Opening "English: Mikenas-Carls, Flohr variation"]
[ECO "A18"]
[Time "23:06:08"]
[TimeControl "2700+45"]

1. c4 Nf6 2. Nc3 e6 3. e4 d5 4. e5 Nfd7 5. d4 dxc4 6. Bxc4 Nb6 7. Bb3 c6 8. Nf3
Nd5 9. Ne4 b6 10. Bg5 Qd7 11. O-O Na6 12. Rc1 Bb7 13. Nfd2 b5 14. a3 Rc8 15. Nc5
Nxc5 16. dxc5 h6 17. Bh4 g5 18. Ne4 Be7 19. Bg3 h5 20. Nd6+ Bxd6 21. exd6 f6 22.
Qd4 Kf7 23. f4 g4 24. Bh4 Rh6 25. Bc2 f5 26. b4 Rg8 27. Bb3 Ra8 28. Ra1 a5 29.
Rfe1 a4 30. Ba2 Re8 31. Re2 Rg6 32. Rae1 Bc8 33. Bb1 Rgg8 34. Re5 Kg6 35. Bg5
Qf7 36. Ba2 Bd7 37. Rc1 Rgf8 38. Rce1 Rg8 39. Be7 Rh8 40. Qf2 Nxe7 41. Bxe6 Bxe6
42. Rxe6+ Qxe6 43. Rxe6+ Kf7 44. Rxe7+ Rxe7 45. dxe7 Kxe7 46. Qd4 Rd8 47. Qe5+
Kd7 48. Qxf5+ Kc7 49. Qxh5 Rd1+ 50. Kf2 Rd2+ 51. Kf1 {Black resigns} 1-0

[Event "Team 45 45 League T39"]
[Site "Internet Chess Club"]
[Date "2008.11.13"]
[Round "3"]
[White "Aluminum"]
[Black "chsrules88"]
[Result "1/2-1/2"]
[WhiteElo "1824"]
[BlackElo "2027"]
[Opening "Queen's pawn game, Chigorin variation"]
[ECO "D02"]
[Time "18:04:02"]
[TimeControl "2700+45"]

1. d4 d5 2. Nf3 Nc6 3. c4 Bg4 4. Nc3 e6 5. cxd5 exd5 6. Qb3 Bxf3 7. Qxb7 Nxd4 8.
exf3 Rb8 9. Qxa7 Nc2+ 10. Kd1 Nxa1 11. Bb5+ Rxb5 12. Re1+ Kd7 13. Nxb5 Bb4 14.
Re2 Ne7 15. Bf4 Nc6 {Game drawn by mutual agreement} 1/2-1/2

[Event "Team 45 45 League T39"]
[Site "Internet Chess Club"]
[Date "2008.11.11"]
[Round "3"]
[White "PaulKaspar"]
[Black "usc"]
[Result "1/2-1/2"]
[WhiteElo "1791"]
[BlackElo "1832"]
[Opening "Sicilian defense"]
[ECO "B20"]
[Time "19:11:43"]
[TimeControl "2700+45"]

1. e4 c5 2. Bd3 e5 3. c3 d5 4. Bc2 Nf6 5. Ba4+ Bd7 6. exd5 Nxd5 7. d3 Nc6 8. Nf3
f6 9. O-O Be7 10. Re1 O-O 11. Nbd2 Rc8 12. Ne4 Be6 13. Bxc6 Rxc6 14. h3 Qd7 15.
b3 Rd8 16. Be3 b6 17. Qc2 h6 18. Rad1 Rcc8 19. a3 Nxe3 20. Rxe3 c4 21. bxc4 Bxc4
22. d4 exd4 23. Rxd4 Qc7 24. Rxd8+ Rxd8 25. a4 Bd5 26. Nd4 Bxe4 27. Rxe4 Rc8 28.
Qb3+ Kh8 29. Nb5 Qd7 30. Qf7 Qd1+ 31. Kh2 Bc5 32. Re8+ Rxe8 33. Qxe8+ Kh7 34.
Qe4+ Kg8 35. Qe6+ Kh8 36. Qe8+ {Game drawn by mutual agreement} 1/2-1/2

[Event "Team 45 45 League T39"]
[Site "Internet Chess Club"]
[Date "2008.11.11"]
[Round "3"]
[White "rasdern"]
[Black "Ghashgork"]
[Result "0-1"]
[WhiteElo "1678"]
[BlackElo "1706"]
[Opening "Pirc: Byrne variation"]
[ECO "B07"]
[Time "15:03:46"]
[TimeControl "2700+45"]

1. e4 d6 2. d4 Nf6 3. Nc3 g6 4. Bg5 Bg7 5. Qd2 Nbd7 6. O-O-O e5 7. f3 O-O 8. g4
exd4 9. Nb5 c5 10. Nxd6 a6 11. h4 Qc7 12. Nxc8 Raxc8 13. h5 c4 14. hxg6 fxg6 15.
Qxd4 c3 16. bxc3 Qxc3 17. Qxc3 Rxc3 18. Bd3 Rfc8 19. Ne2 R3c5 20. Be3 Ra5 21.
Kb1 Ne5 22. Nd4 Bf8 23. Nb3 Ra4 24. Bd4 Nfd7 25. Be2 Nc4 26. Bb2 Ndb6 27. Rd3
Nxb2 28. Kxb2 Nc4+ 29. Ka1 Bg7+ 30. c3 Na5 31. Nd4 Bxd4 32. cxd4 Rc2 33. Bd1
Raxa2+ 34. Kb1 Rcb2+ 35. Kc1 Nc4 36. Ra3 Rxa3 {White resigns} 0-1

[Event "Team 45 45 League T39"]
[Site "Internet Chess Club"]
[Date "2008.11.07"]
[Round "3"]
[White "therealwizard"]
[Black "nardz"]
[Result "1/2-1/2"]
[WhiteElo "2197"]
[BlackElo "2076"]
[Opening "QGD Slav: exchange variation"]
[ECO "D13"]
[Time "17:35:50"]
[TimeControl "2700+45"]

1. d4 d5 2. Nf3 Nf6 3. c4 c6 4. cxd5 cxd5 5. Nc3 Nc6 6. Bf4 a6 7. e3 Bf5 8. Rc1
Rc8 9. Be2 e6 10. O-O Bd6 11. Bxd6 Qxd6 12. Na4 Nd7 13. Qb3 Qb8 14. Qa3 f6 15.
Nc5 Nxc5 16. Rxc5 Kf7 17. Rfc1 Ne7 {Game drawn by mutual agreement} 1/2-1/2

[Event "Team 45 45 League T39"]
[Site "Internet Chess Club"]
[Date "2008.11.05"]
[Round "3"]
[White "trucazzo"]
[Black "decox"]
[Result "0-1"]
[WhiteElo "2029"]
[BlackElo "1966"]
[Opening "Queen's pawn game"]
[ECO "D04"]
[Time "11:16:56"]
[TimeControl "2700+45"]

1. d4 d5 2. Nf3 Nf6 3. e3 Bg4 4. h3 Bh5 5. c4 c6 6. Qb3 Qc7 7. Nc3 e6 8. cxd5
Bxf3 9. gxf3 cxd5 10. Bd2 Nc6 11. Rc1 Qd7 12. Rg1 g6 13. Bb5 a6 14. Bxc6 bxc6
15. Na4 Qc7 16. Qb6 Rc8 17. Qxa6 Be7 18. Ba5 Qb8 19. Nb6 Rc7 20. Na8 Ra7 21.
Nc7+ Qxc7 22. Bxc7 Rxa6 23. a3 Kd7 24. Be5 Rc8 25. Kd2 Ne8 26. Rc3 f6 27. Bg3
Nd6 28. h4 Nc4+ 29. Kc2 c5 30. dxc5 Rxc5 31. h5 Rac6 32. hxg6 hxg6 33. a4 Na3+
34. Kb3 Rxc3+ 35. bxc3 Nc4 36. e4 Nd2+ 37. Kb2 Nxf3 38. Rd1 Rc5 39. exd5 Rxd5
40. Rh1 Rd2+ 41. Kb3 g5 42. a5 Rd5 43. Ra1 Rb5+ 44. Kc4 Kc6 45. a6 Rd5 46. a7
Nd2# {White checkmated} 0-1

[Event "Team 45 45 League T39"]
[Site "Internet Chess Club"]
[Date "2008.11.08"]
[Round "3"]
[White "MrShaw"]
[Black "QueensCounselor"]
[Result "1/2-1/2"]
[WhiteElo "1890"]
[BlackElo "1883"]
[Opening "Sicilian: Najdorf, 7...Be7 main line"]
[ECO "B99"]
[Time "12:18:39"]
[TimeControl "2700+45"]

1. e4 c5 2. Nf3 d6 3. d4 cxd4 4. Nxd4 Nf6 5. Nc3 a6 6. Bg5 e6 7. f4 Be7 8. Qf3
Qc7 9. O-O-O Nbd7 10. Bd3 b5 11. Kb1 Bb7 12. Rhe1 Qb6 13. Nb3 b4 14. Na4 Qc7 15.
Qg3 Bc6 16. e5 dxe5 17. fxe5 Bxa4 18. Nd4 Nd5 19. Bxe7 Kxe7 20. Nxe6 Kxe6 21.
Bf5+ Ke7 22. Rxd5 Nb6 23. Qh4+ Ke8 24. Rd2 Qe7 25. Qg4 g6 26. e6 Qc5 27. Qh4
Qxf5 28. Qd4 {Game drawn by mutual agreement} 1/2-1/2

[Event "Team 45 45 League T39"]
[Site "Internet Chess Club"]
[Date "2008.11.09"]
[Round "3"]
[White "rubo"]
[Black "b-spot"]
[Result "1-0"]
[WhiteElo "1753"]
[BlackElo "1688"]
[Opening "Bird: From gambit, Lasker variation"]
[ECO "A02"]
[Time "12:00:12"]
[TimeControl "2700+45"]

1. f4 e5 2. fxe5 d6 3. exd6 Bxd6 4. Nf3 g5 5. d4 g4 6. Ng5 f5 7. e4 h6 8. e5 Be7
9. Nh3 gxh3 10. Qh5+ Kf8 11. Bc4 Rh7 12. c3 Qe8 13. Qxe8+ Kxe8 14. Bxg8 Rg7 15.
Bd5 hxg2 16. Rg1 Bh4+ 17. Ke2 h5 18. Rxg2 Rxg2+ 19. Bxg2 Nc6 20. Bf3 {Black
resigns} 1-0

[Event "Team 45 45 League T39"]
[Site "Internet Chess Club"]
[Date "2008.11.11"]
[Round "3"]
[White "QueensCounselor"]
[Black "Fegary"]
[Result "1/2-1/2"]
[WhiteElo "1889"]
[BlackElo "2129"]
[Opening "Pirc: classical, h3 system"]
[ECO "B08"]
[Time "14:00:53"]
[TimeControl "2700+45"]

1. e4 d6 2. d4 Nf6 3. Nc3 g6 4. Nf3 Bg7 5. h3 O-O 6. Be3 Nc6 7. d5 Ne5 8. Be2
Nxf3+ 9. Bxf3 Nd7 10. Bd4 Ne5 11. Be2 c5 12. Be3 a6 13. a4 f5 14. exf5 Bxf5 15.
O-O Qb6 16. Qc1 Qb4 17. a5 Nc4 18. Bxc4 Bxc3 19. Bb3 Bf6 20. Ra3 Qe4 21. c4 Bd4
22. Ba4 e6 23. g4 Bxg4 24. Bxd4 Rf3 25. Rxf3 Qxf3 26. Bd1 Qxh3 27. Bc3 Rf8 28.
dxe6 Bxd1 29. Rxd1 Qg4+ 30. Kf1 Qxc4+ 31. Ke1 Qxe6+ 32. Qe3 Qd7 33. Kf1 Rf5 34.
Re1 Qb5+ 35. Re2 Rf7 36. Qe8+ Qxe8 37. Rxe8+ Rf8 38. Re7 Rf7 39. Re8+ Rf8 40.
Re7 {Game drawn by mutual agreement} 1/2-1/2

[Event "Team 45 45 League T39"]
[Site "Internet Chess Club"]
[Date "2008.11.06"]
[Round "3"]
[White "qs16"]
[Black "LoseOften"]
[Result "0-1"]
[WhiteElo "1740"]
[BlackElo "1785"]
[Opening "Dutch, 2.Bg5 variation"]
[ECO "A80"]
[Time "13:31:34"]
[TimeControl "2700+45"]

1. d4 f5 2. Bg5 h6 3. Bh4 g5 4. e3 Nf6 5. Be2 Bg7 6. Bh5+ Nxh5 7. Qxh5+ Kf8 8.
Bg3 d6 9. Nf3 Be6 10. Qg6 Qd7 11. e4 f4 12. O-O Bf7 13. Qf5 Qxf5 14. exf5 fxg3
15. fxg3 g4 16. Nh4 Bxd4+ 17. Kh1 Bxb2 18. Nd2 Bxa1 19. Rxa1 Nd7 20. Nb3 Ne5 21.
Rf1 Bxb3 22. axb3 Kg7 23. h3 h5 {White resigns} 0-1

[Event "Team 45 45 League T39"]
[Site "Internet Chess Club"]
[Date "2008.11.09"]
[Round "3"]
[White "shakkiipe"]
[Black "oldsj"]
[Result "1/2-1/2"]
[WhiteElo "1754"]
[BlackElo "1587"]
[Opening "King's Indian: orthodox, Aronin-Taimanov, bayonet attack"]
[ECO "E97"]
[Time "10:00:34"]
[TimeControl "2700+45"]

1. d4 Nf6 2. c4 g6 3. Nc3 Bg7 4. e4 d6 5. Nf3 O-O 6. Be2 e5 7. O-O Nc6 8. d5 Ne7
9. b4 h6 10. Re1 Nh5 11. c5 f5 12. cxd6 cxd6 13. Bd2 Nf4 14. Bxf4 exf4 15. e5
dxe5 16. d6 Nc6 17. b5 Nd4 18. Bc4+ Kh7 19. Nxe5 Qxd6 20. Nf3 Nxf3+ 21. Qxf3 Qc5
22. Qd3 {Game drawn by mutual agreement} 1/2-1/2

[Event "Team 45 45 League T39"]
[Site "Internet Chess Club"]
[Date "2008.11.09"]
[Round "3"]
[White "rom1"]
[Black "Beancounter"]
[Result "1/2-1/2"]
[WhiteElo "1567"]
[BlackElo "1722"]
[Opening "QGD Slav/Grünfeld: Schlechter variation"]
[ECO "D15"]
[Time "13:52:27"]
[TimeControl "2700+45"]

1. d4 d5 2. c4 c6 3. Nf3 Nf6 4. Nc3 g6 5. Bg5 Bg7 6. e3 O-O 7. Be2 dxc4 8. Bxc4
b5 9. Bd3 Bg4 10. h3 Be6 11. O-O a6 12. a3 Nbd7 13. Rc1 Rc8 14. b4 Nb6 15. Ne4
Nxe4 16. Bxe4 Bd5 17. Nd2 Qd7 18. Bf3 f5 19. Nb3 e5 20. Nc5 Qf7 21. Bxd5 Qxd5
22. dxe5 Qxe5 23. Qb3+ Qd5 24. Qxd5+ cxd5 25. Ne6 Rxc1 26. Rxc1 Rc8 27. Rxc8+
Nxc8 28. Nc7 Bb2 {Game drawn by mutual agreement} 1/2-1/2

[Event "Team 45 45 League T39"]
[Site "Internet Chess Club"]
[Date "2008.11.09"]
[Round "3"]
[White "Hesperus"]
[Black "Klampin"]
[Result "0-1"]
[WhiteElo "1982"]
[BlackElo "1974"]
[Opening "QGD Slav: Winawer counter-gambit"]
[ECO "D10"]
[Time "12:00:10"]
[TimeControl "2700+45"]

1. d4 d5 2. c4 c6 3. Nc3 e5 4. dxe5 d4 5. Ne4 Qa5+ 6. Bd2 Qxe5 7. Ng3 Nf6 8. Nf3
Qd6 9. Qc2 Be7 10. O-O-O O-O 11. e3 dxe3 12. fxe3 Qc7 13. Bc3 Na6 14. a3 Ng4 15.
Re1 Bf6 16. h3 Nxe3 17. Rxe3 Qxg3 18. Bxf6 gxf6 19. Bd3 Qg7 20. Qf2 Be6 21. Nd4
Nc5 22. Rg3 Nxd3+ 23. Rxd3 Qh6+ 24. Kb1 Bxc4 25. Rg3+ Kh8 26. Nf5 Qh5 27. Nd6
Ba2+ 28. Ka1 Qe5 29. Rd1 Bd5 30. Nf5 Rae8 31. Re3 Be4 32. Rde1 Qc5 33. Ng7 Rd8
34. Qxf6 Qd4 35. Nh5+ Qxf6 36. Nxf6 Bxg2 37. Rg1 Bd5 38. Re5 Rd6 39. Rf5 a5 40.
h4 Bc4 41. h5 Rfd8 42. b3 Bxb3 43. h6 Bc2 {White resigns} 0-1

[Event "Team 45 45 League T39"]
[Site "Internet Chess Club"]
[Date "2008.11.08"]
[Round "3"]
[White "superbeast"]
[Black "charles-allen"]
[Result "0-1"]
[WhiteElo "1654"]
[BlackElo "1885"]
[Opening "English opening"]
[ECO "A20"]
[Time "07:59:02"]
[TimeControl "2700+45"]

1. c4 e5 2. g3 Nf6 3. Bg2 d5 4. cxd5 Nxd5 5. Nf3 Nc6 6. O-O Nb6 7. d3 Be7 8.
Nbd2 O-O 9. a3 a5 10. b3 Be6 11. Bb2 f6 12. Qc2 Qd7 13. e3 Rfd8 14. d4 exd4 15.
Nxd4 Nxd4 16. Bxd4 Bd5 17. Bxd5+ Nxd5 18. Rfd1 a4 19. b4 b5 20. Nf3 Qg4 21. Qe2
Rd6 22. Rac1 Rad8 23. Bb2 Nb6 24. Rxd6 Bxd6 25. Nd4 Qxe2 26. Nxe2 Nc4 27. Rc2
Nxb2 28. Rxb2 Be5 29. Rb1 Rd3 {White resigns} 0-1

[Event "Team 45 45 League T39"]
[Site "Internet Chess Club"]
[Date "2008.11.10"]
[Round "3"]
[White "ShanghaiTom"]
[Black "rayonline53"]
[Result "1-0"]
[WhiteElo "1749"]
[BlackElo "1493"]
[Opening "Pirc defense"]
[ECO "B07"]
[Time "03:38:18"]
[TimeControl "2700+45"]

1. e4 d6 2. d4 Nf6 3. Bd3 g6 4. Nf3 Bg7 5. O-O O-O 6. c4 Nbd7 7. Nc3 e5 8. d5
Nc5 9. b4 Nxd3 10. Qxd3 Ne8 11. Bb2 f5 12. Nd2 f4 13. c5 g5 14. f3 Nf6 15. Kf2
g4 16. Ke2 Bd7 17. Kd1 Kh8 18. Kc2 Qe8 19. Rac1 a6 20. Kb1 Bb5 21. Nc4 Bxc4 22.
Qxc4 Qe7 23. c6 b5 24. Qe2 h5 25. h3 g3 26. Kc2 Qd8 27. Ra1 Qb8 28. a4 Qb6 29.
axb5 axb5 30. Qxb5 Qxb5 31. Nxb5 Rxa1 32. Rxa1 Rc8 33. Ra7 Ne8 34. Rb7 Bf6 35.
Na3 Bd8 36. Nc4 h4 37. b5 Nf6 38. b6 Nh7 39. Kd2 Ng5 40. Ke2 Nf7 41. Ba3 Kg8 42.
Ra7 cxb6 43. Nxd6 Nxd6 44. Bxd6 b5 45. Bxe5 {Black resigns} 1-0